 Seeded DCSS version 0.30.1-4-g462c640d31 (webtiles) character file.

Game seed: 20230804 (custom seed)

147 AccursedSamuel the Insei (level 5, -3/33 HPs)
             Began as a Tengu Monk on Aug 10, 2023.
             Slain by a worm (5 damage)
             ... in a sewer.
             The game lasted 00:05:50 (2930 turns).

AccursedSamuel the Insei (Tengu Monk)               Turns: 2930, Time: 00:05:50

Health: -3/33      AC:  3    Str: 14    XL:     5   Next: 29%
Magic:  6/6        EV: 16    Int: 10    God:
Gold:   146        SH:  0    Dex: 16    Spells: 4/4 levels left

rFire   . .          .
                       - Unarmed
rCold   . . .        c - orb {light}
rNeg    . . .        a - +1 robe
rPois   +            (helmet restricted)
rElec   .            (no cloak)
rCorr   .            (no gloves)
SInv    .            (boots unavailable)
Will    .....        (no amulet)
Stlth   +            p - ring of poison resistance
HPRegen 0.25/turn    (no ring)
MPRegen 0.10/turn

%: no passive effects
@: confused, ambrosia-drunk, flying quickly and evasively, glowing, quick
A: beak, talons 3, nimble flight, screaming 1
a: no special abilities


You were in a sewer.
You visited 1 branch of the dungeon, and saw 4 of its levels.
You also visited: Sewer.

You collected 146 gold pieces.

Inventory:

Armour
 a - a +1 robe (worn)
 c - an orb of light (worn)
Jewellery
 p - a ring of poison resistance (left hand)
Wands
 o - a wand of flame (11)
Scrolls
 d - 2 scrolls of teleportation
 e - a scroll of enchant weapon {unknown}
 i - a scroll of identify
 j - 2 scrolls of blinking
Potions
 b - 2 potions of ambrosia
 g - 2 potions of mutation
 s - a potion of brilliance


   Skills:
 + Level 3.8 Fighting
 + Level 4.3 Dodging
 + Level 0.5 Stealth
 + Level 4.9 Unarmed Combat


You had 4 spell levels left.
You didn't know any spells.
Your spell library contained the following spells:

 Spells                   Type           Power      Damage    Failure   Level
 Apportation              Tloc           0%         N/A       36%         1
 Summon Forest            Summ/Tloc      0%         N/A       100%        5
 Dispersal                Tloc           0%         N/A       100%        6


Dungeon Overview and Level Annotations

Branches:
Dungeon (4/15)              Sewer (1/1)
 Temple: D:4-7

Altars:


Innate Abilities, Weirdness & Mutations

You have a beak for a mouth.
You have claws for feet.
Your magical nature lets you fly swiftly and evasively.
You occasionally shout uncontrollably at your foes.


Message History

You closely miss the river rat. You claw the river rat.
The river rat is heavily wounded.
The endoplasm misses you. The adder barely misses you. The worm bites you.
The river rat closely misses you.
You hit the adder but do no damage. You claw the adder.
The adder is severely wounded.
The adder misses you. The endoplasm misses you. The river rat misses you.
You barely miss the river rat. You claw the river rat.
The river rat is almost dead.
The adder closely misses you.
The endoplasm splashes around in the water.
The worm misses you.
You hit the adder. Your kick misses the adder.
The adder is almost dead.
The adder closely misses you. The endoplasm misses you. The adder misses you.
The worm splashes around in the water.
The river rat bites you!
You completely miss the river rat.
You peck the river rat, but do no damage.
The river rat is almost dead.
The endoplasm misses you. The adder bites you. The rat misses you.
You hit the adder but do no damage. You claw the adder.
You kill the adder!
The river rat bites you. The endoplasm freezes you.
You are frozen.
* * * LOW HITPOINT WARNING * * *
The worm completely misses you. The rat bites you.
* * * LOW HITPOINT WARNING * * *
You are confused.
You feel invigorated.
The frilled lizard bites you but does no damage.
The river rat bites you.
* * * LOW HITPOINT WARNING * * *
The endoplasm closely misses you. The rat barely misses you.
You hit the endoplasm.
You kill the endoplasm!
The frilled lizard closely misses you. The river rat bites you!
* * * LOW HITPOINT WARNING * * *
The worm bites you.
You die...

############
####.†.~......~
##~~~.~......~~†
#.....#########~
##.~~### ## ~
##~~.##
#..~###~~~.#
#....l@r~##
##~..~rw##
#########
#.~~..~.##
#..~...~.
~~~~~~..#
#~~.~....
.~.~.#.~~
#..######
##.~.##.~ #.~#
#~.. ##. #~~#
#.~# .~
#.~######
#..~.....


You could see a worm, a river rat, a frilled lizard and a rat.

Vanquished Creatures
  An orc wizard (D:3)
  5 adders
  3 worms
  4 dart slugs
  4 orcs (D:3)
  5 ball pythons
  5 endoplasms
  3 giant cockroaches
  5 goblins
  2 hobgoblins
  2 jackals (D:4)
  2 kobolds (D:1)
  6 quokkas
  4 bats
  2 frilled lizards
  6 rats
59 creatures vanquished.

Notes
Turn   | Place    | Note
-------+----------+-------------------------------------------
     0 | D:1      | AccursedSamuel the Tengu Monk began the quest for the Orb.
     0 | D:1      | Reached XP level 1. HP: 14/14 MP: 2/2
    45 | D:1      | Found a faded altar of an unknown god.
   202 | D:1      | Reached XP level 2. HP: 19/19 MP: 3/3
   851 | D:2      | Reached XP level 3. HP: 6/23 MP: 4/4
  1611 | D:3      | Reached XP level 4. HP: 29/29 MP: 5/5
  1960 | D:3      | Got the Almanac of Location
  2698 | D:3      | Gained mutation: You occasionally shout uncontrollably at
                  | your foes. [potion of mutation]
  2804 | D:4      | Gained mutation: Your magical nature lets you fly swiftly
                  | and evasively. [Tengu growth]
  2804 | D:4      | Reached XP level 5. HP: 21/33 MP: 6/6
  2818 | D:4      | Found a glowing drain.
  2828 | Sewer    | Entered a sewer
  2930 | Sewer    | Slain by a worm

Illustrated notes

Levels and vault maps discovered:
D:1:      roderic_octagonal_star, layout_basic,
          hellmonk_ecumenical_altar_run_dry, minmay_box_of_dots
D:2:      layout_loops_ring
D:3:      layout_basic, serial_aquarium, aquarium_bridge_long_separate
          [aquarium_subvault_wall, aquarium_subvault_wall,
          aquarium_subvault_bridge, aquarium_subvault_wall,
          aquarium_subvault_bridge, aquarium_subvault_bridge],
          aquarium_window_1, aquarium_window_fake, aquarium_view_2d,
          aquarium_view_4, aquarium_pool_1
D:4:      layout_basic, gammafunk_temple_overflow_forgotten,
          portal_sewer_entry_b
Sewer:    sewer_hellmonk_slimy_pipes

Skill      XL: |  1  2  3  4 |
---------------+-------------+-----
Unarmed Combat | 4 |  4.9
Dodging        | 4 |  4.3
Fighting       | |  3.8
Stealth        | |  0.5

Action                     |  1- 3 |  4- 6 || total
---------------------------+-------+-------++-------
  Melee: Unarmed           |    68 |    68 ||   136
         Kick              |    23 |    28 ||    51
         Peck              |    14 |    18 ||    32
    Use: Potion            |       |    10 ||    10
         Scroll            |       |     6 ||     6
 Armour: Robe              |    12 |    15 ||    27
  Dodge: Dodged            |    44 |    62 ||   106
